 Dungeon Crawl Stone Soup version 0.31-a0-355-g57cb03d3e8 (webtiles) character file.

Game seed: 2787447792169234821

654 hashsling the Trooper (level 7, 0/45 HPs)
             Began as a Gargoyle Berserker on July 24, 2023.
             Was a Priest of Trog.
             Slain by a wyvern (12 damage)
             ... on level 4 of the Dungeon.
             The game lasted 00:12:03 (2285 turns).

hashsling the Trooper (Gargoyle Berserker)          Turns: 2285, Time: 00:12:04

Health: 0/45       AC: 19    Str: 22    XL:     7   Next: 54%
Magic:  7/7        EV:  7    Int:  8    God:    Trog [***...]
Gold:   136        SH:  0    Dex:  9    Spells: 6/6 levels left

rFire   + . .        i - +0 flail
rCold   . . .        (no shield)
rNeg    + . .        m - +0 plate armour
rPois   ∞            (no helmet)
rElec   +            (no cloak)
rCorr   .            (no gloves)
SInv    .            r - +1 pair of boots
Will    ++...        (no amulet) Stlth
                     h - ring of protection from fire
HPRegen 1.27/turn    (no ring)
MPRegen 0.10/turn

%: no passive effects
@: strong-willed, on berserk cooldown, regenerating
A: sickness immunity, AC +4, negative energy resistance 1, electricity
resistance, torment resistance 1, petrification resistance
a: Renounce Religion, Berserk, Trog's Hand


You were on level 4 of the Dungeon.
You worshipped Trog.
Trog was most pleased with you.
You visited 1 branch of the dungeon, and saw 4 of its levels.

You collected 136 gold pieces.

Inventory:

Hand Weapons
 a - a +0 mace
 i - a +0 flail (weapon)
Armour
 j - a +0 scale mail
 m - a +0 plate armour (worn)
 r - a +1 pair of boots (worn)
Magical Staves
 e - a staff of conjuration
Jewellery
 h - a ring of protection from fire (left hand)
Wands
 k - a wand of mindburst (7) (quivered)
Scrolls
 c - 2 scrolls of teleportation {unknown}
 f - 4 scrolls of identify {unknown}
 g - a scroll of amnesia {unknown}
 l - a scroll of enchant weapon {unknown}
 o - a scroll of torment {unknown}
 p - a scroll of revelation {unknown}
 q - a scroll of blinking {unknown}
Potions
 d - a potion of curing
 n - a potion of enlightenment {unknown}


   Skills:
 + Level 5.9 Fighting
 + Level 5.3 Maces & Flails
 + Level 5.4 Armour
 - Level 2.0 Dodging


You had 6 spell levels left.
You didn't know any spells.
Your spell library contained the following spells:

 Spells                   Type           Power      Damage    Failure   Level
 Magic Dart               Conj           0%         1d3       100%        1
 Shock                    Conj/Air       0%         1d3       100%        1
 Call Imp                 Summ           0%         N/A       100%        2
 Mephitic Cloud           Conj/Pois/Air  0%         N/A       100%        3
 Swiftness                Air            0%         N/A       100%        3
 Airstrike                Air            0%         2d(0-16)  100%        4


Dungeon Overview and Level Annotations

Branches:
Dungeon (4/15)
 Temple: D:4-7

Altars:

Shops:
D:2 !


Innate Abilities, Weirdness & Mutations

You are immune to sickness and miasma.
Your stone body is resilient. (AC +4)
You are immune to poison.
You resist negative energy. (rN+)
You are resistant to electric shocks. (rElec)
You are resistant to unholy torment.
You are immune to petrification.


Message History

The gnoll is severely wounded.
Your skin stops crawling.
You feel less strong-willed. The gnoll barely misses you.
The gnoll hits you but does no damage.
You thump the gnoll!
You kill the gnoll!
Trog accepts your kill. The orc hits you but does no damage.
You sock the orc!
You kill the orc!
Trog accepts your kill.
You hit the dart slug but do no damage. The dart slug closely misses you.
You sock the dart slug!
You kill the dart slug!
Trog accepts your kill.
Items here: ))) [ †.
Okay, then.
Things that are here:
a +0 dagger; a +0 robe The wyvern hisses angrily.
You see here 19 gold pieces.
You now have 136 gold pieces (gained 19).
The wyvern bites you.
Your skin crawls.
You feel strong-willed. The wyvern barely misses you. x2
You hit the wyvern.
The wyvern is moderately wounded.
The wyvern bites you!
* * * LOW HITPOINT WARNING * * *
The wyvern bites you but does no damage. x2
You hit the wyvern.
The wyvern is heavily wounded.
The wyvern bites you but does no damage.
The wyvern bites you.
* * * LOW HITPOINT WARNING * * *
You hit the wyvern but do no damage.
The wyvern is moderately wounded.
You feel yourself speed up. The wyvern bites you!
You die...

##########
###).......####
#.)............
#)#..##.##....
#.#.##.#.##.#. #
#.#)#@.#...###..
#.#.##l#.##.#.##
#.#..##.##.....#
...........w....
..........#.....
................
#..........######
..........#
..........#


You could see a wyvern.

Vanquished Creatures
  Sigmund (D:2)
  A centaur (D:4)
  Dowan (D:4)
  A vampire bat (D:3)
  Jessica (D:2)
  A sleepcap (D:4)
  Terence (D:2)
  4 gnolls (D:4)
  6 adders
  2 worms (D:3)
  3 dart slugs
  3 fire bats (D:3)
  5 orcs
  2 spectral bats (D:3)
  3 bat skeletons (D:3)
  A bat zombie (D:3)
  5 endoplasms
  A giant cockroach (D:2)
  5 goblins
  A hobgoblin (D:1)
  13 kobolds
  A quokka (D:2)
  3 ball pythons
  14 bats
  A bat simulacrum (D:3)
  7 frilled lizards
  7 rats
94 creatures vanquished.

Notes
Turn   | Place    | Note
-------+----------+-------------------------------------------
     0 | D:1      | hashsling the Gargoyle Berserker began the quest for the
                  | Orb.
     0 | D:1      | Reached XP level 1. HP: 14/14 MP: 1/1
   149 | D:1      | Reached XP level 2. HP: 19/19 MP: 2/2
   551 | D:1      | Reached XP level 3. HP: 23/23 MP: 3/3
   714 | D:2      | Noticed Terence
   730 | D:2      | Killed Terence
   757 | D:2      | Reached XP level 4. HP: 20/29 MP: 4/4
   875 | D:2      | Noticed Jessica
   875 | D:2      | Noticed Sigmund
   882 | D:2      | Killed Jessica
   888 | D:2      | Killed Sigmund
   889 | D:2      | Reached XP level 5. HP: 34/34 MP: 5/5
   889 | D:2      | Reached XP level 6. HP: 40/40 MP: 6/6
  1102 | D:2      | Found Qymupp's Distillery.
  1113 | D:2      | Reached ** piety under Trog
  1420 | D:2      | Reached skill level 5 in Fighting
  1889 | D:3      | Reached XP level 7. HP: 41/44 MP: 7/7
  2156 | D:4      | Noticed a wyvern
  2224 | D:4      | Noticed Dowan
  2239 | D:4      | Reached skill level 5 in Maces & Flails
  2239 | D:4      | Reached skill level 5 in Armour
  2242 | D:4      | Reached *** piety under Trog
  2258 | D:4      | Killed Dowan
  2285 | D:4      | Slain by a wyvern

Illustrated notes

Levels and vault maps discovered:
D:1:      psy_arrival_radial02, layout_basic
D:2:      layout_basic, serial_shops, nicolae_diamond_shop,
          grunt_decor_mini_mirrors, uniq_jessica, uniq_terence, uniq_sigmund
D:3:      layout_basic, goddamned_bats
D:4:      layout_rooms, regret_index_temple_of_mockery, minmay_ruptured,
          uniq_edmund, uniq_duvessa

Skill      XL: |  1  2  3  4  5  6  7 |
---------------+----------------------+-----
Armour         | 3 4 5 |  5.4
Dodging        | 2 |  2.0
Fighting       | 4 5 |  5.9
Maces & Flails | 4 5 |  5.3

Action                     |  1- 3 |  4- 6 |  7- 9 || total
---------------------------+-------+-------+-------++-------
  Melee: Mace              |    67 |    28 |       ||    95
         Flail             |       |   167 |    60 ||   227
         Punch             |       |     2 |     1 ||     3
 Invoke: Berserk           |     1 |     2 |     1 ||     4
         Trog's Hand       |       |       |     2 ||     2
    Use: Potion            |       |       |     1 ||     1
 Armour: Animal skin       |    20 |     9 |       ||    29
         Scale mail        |       |   207 |    16 ||   223
         Plate armour      |       |       |    46 ||    46
  Dodge: Dodged            |    56 |   206 |    37 ||   299

Table legend: (Time is in decaauts)
 A = Elapsed time spent in this place.
 B = Non-inter-level travel time spent in this place.
 C = Inter-level travel time spent in this place.
 D = Time resting spent in this place.
 E = Time spent auto-exploring this place.
 F = Levels seen in this place.
 G = Mean time per level.
                   A        B        C        D        E       F      G
               +--------+--------+--------+--------+--------+-----+--------+
         Total |   2379 |   2282 |     97 |      0 |   1506 |   4 |  594.8 |
       Dungeon |   2379 |   2282 |     97 |      0 |   1506 |   4 |  594.8 |
               +--------+--------+--------+--------+--------+-----+--------+

Top non-repeatable levels by time:
     D:2: 844 daAuts
     D:1: 726 daAuts
     D:3: 718 daAuts
     D:4: 90 daAuts
